 Dungeon Crawl Stone Soup version 0.18-a0-1572-g0a86841 (webtiles) character file.

80 Oddball22 the Stinger (level 4, -1/29 HPs)
             Began as an Octopode Venom Mage on Mar 15, 2016.
             Slain by a goblin
             ... wielding a +0 club
             ... led by Robin
              (7 damage)
             ... on level 2 of the Dungeon.
             The game lasted 00:04:38 (2203 turns).

Oddball22 the Stinger (Octopode Venom Mage)         Turns: 2203, Time: 00:04:38

Health: -1/29      AC:  1    Str:  7    XL:     4   Next: 39%
Magic:  8/8        EV: 13    Int: 18    God:
Gold:   50         SH:  0    Dex: 12    Spells: 2 memorised, 5 levels left

rFire  . . .     SeeInvis .     g - +1 dagger (venom)
rCold  . . .     Gourm    .     (no shield)
rNeg   . . .     Faith    .     (helmet restricted)
rPois  .         Spirit   .     (no amulet)
rElec  .         Dismiss  .     l - ring of flight
rCorr  .         Reflect  .     (no ring)
SustAt .         Harm     .     (no ring)
MR     .....                    (no ring)
Stlth  +++.......               (no ring)
                                (no ring)
                                (no ring)
                                (no ring)

@: not resistant to hostile enchantments, fairly stealthy
A: almost no armour, amphibious, 8 rings, constrict 8, camouflage 1, gelatinous
body 1
a: Evoke Flight


You were on level 2 of the Dungeon.
You were not hungry.

You visited 1 branch of the dungeon, and saw 3 of its levels.

You collected 50 gold pieces.

Inventory:

Hand Weapons
 g - a +1 dagger of venom (weapon)
 j - a cursed -3 mace
 m - a +0 hunting sling
Missiles
 n - 69 stones (quivered)
 o - 7 needles of sleeping
Jewellery
 l - a ring of flight (left tentacle)
Scrolls
 f - a scroll of random uselessness {unknown}
 h - a scroll of enchant weapon {unknown}
 p - a scroll of identify {unknown}
 q - a scroll of enchant armour {unknown}
Potions
 c - a potion of mutation {unknown}
 e - a potion of cancellation {unknown}
 i - a potion of lignification {unknown}
 s - a potion of heal wounds {unknown}
Books
 a - a Young Poisoner's Handbook

   Spells                             Type                      Level
   a - Sting                          Conjuration/Poison           1
   b - Cure Poison                    Poison                       2
   c - Mephitic Cloud                 Conjuration/Poison/Air       3
   d - Olgreb's Toxic Radiance        Poison                       4
   e - Venom Bolt                     Conjuration/Poison           5
Comestibles
 b - 3 bread rations
 d - a meat ration
 k - a beef jerky
 r - 6 chunks of flesh


   Skills:
 + Level 1.8 Fighting
 + Level 2.8 Dodging
 - Level 2.6 Stealth
 * Level 2.8 Spellcasting
 + Level 5.1 Poison Magic


You had 5 spell levels left.
You knew the following spells:

 Your Spells              Type           Power        Failure   Level  Hunger
a - Sting                 Conj/Pois      ##..         8%          1    None
b - Cure Poison           Pois           ###.......   3%          2    ##.....


Dungeon Overview and Level Annotations

Branches:
Dungeon (3/15)

Altars:
Gozag

Annotations:
D:3 Robin


Innate Abilities, Weirdness & Mutations

You cannot wear most types of armour.
You are amphibious.
You can wear up to eight rings at the same time.
You can use your tentacles to constrict eight enemies at once.
Your skin changes colour to match your surroundings (Stealth).
Your rubbery body absorbs attacks (AC +1).


Message History

You squeeze the goblin, but do no damage.
The goblin is moderately wounded.
The goblin hits you with a dagger. The goblin hits you with a club.
* * * LOW HITPOINT WARNING * * *
The goblin misses you.
You hit the goblin.
You kill the goblin!
The goblin closely misses you.
You hit the goblin but do no damage.
The goblin is poisoned.
You grab the goblin. You squeeze the goblin.
You kill the goblin!
The goblin hits you with a club.
* * * LOW HITPOINT WARNING * * *
You hit the goblin. Your grab misses the goblin.
The goblin is heavily wounded.
The goblin hits you but does no damage.
You barely miss the goblin. Your grab misses the goblin.
The goblin is heavily wounded.
The goblin hits you with a club!
You die...

#########.###.#.#.#<.....'_'..
#..##.#.#.####.#######
############.##.#.#......# ### #
#....#......[##..........#######
##...............................
...........................######
..........................##
......#......##))##########
......#......##g@#
......#......##### ......########
......# ......# ......# ......#
......# #...###


You could see a goblin.

Vanquished Creatures
  3 adders (D:2)
  An ooze (D:2)
  2 worms
  A dart slug (D:3)
  A giant gecko (D:1)
  4 bats
  A giant cockroach (D:1)
  12 goblins
  A hobgoblin (D:3)
  4 kobolds
  A quokka (D:2)
  2 giant newts (D:2)
  8 rats
41 creatures vanquished.

Notes
Turn   | Place    | Note
--------------------------------------------------------------
     0 | D:1      | Oddball22 the Octopode Venom Mage began the quest for the Orb.
     0 | D:1      | Reached XP level 1. HP: 11/11 MP: 3/3
   498 | D:1      | Reached XP level 2. HP: 18/18 MP: 5/5
   704 | D:1      | Reached skill level 5 in Poison Magic
   803 | D:1      | Learned a level 2 spell: Cure Poison
  1200 | D:2      | Reached skill level 1 in Fighting
  1200 | D:2      | Reached XP level 3. HP: 23/23 MP: 1/6
  1289 | D:2      | Found an opulent altar of Gozag.
  1748 | D:2      | Reached XP level 4. HP: 15/28 MP: 0/8
  2182 | D:3      | Noticed Robin
  2203 | D:2      | Slain by a goblin

Vault maps used:
D:1:      sevenhm_arrival_forest_fort_small_4
D:2:      lemuel_doored_altar, first_bread
D:3:      nicolae_overflow_hidden_temple, uniq_terence, uniq_robin

Skill      XL: |  1  2 |
---------------+-------+-----
Poison Magic   | 5 |  5.1
Fighting       | 1 |  1.8
Dodging        | |  2.8
Stealth        | |  2.6
Spellcasting   | |  2.8

Action                   |  1- 3 |  4- 6 || total
-------------------------+-------+-------++-------
Melee: Dagger            |    45 |    36 ||    81
       Unarmed           |     4 |       ||     4
 Cast: Sting             |    24 |       ||    24
 Stab: Sleeping          |     5 |     1 ||     6
       Distracted        |     1 |       ||     1
  Eat: Chunk             |     2 |     2 ||     4
